 Dungeon Crawl Stone Soup version 0.22-a0-396-g3f858e3 (webtiles) character file.

7610 Kairos the Cleaver (level 11, -10/58 HPs)
             Began as a Vine Stalker Fighter on May 3, 2018.
             Was an Elder of Okawaru.
             Killed from afar by an electric eel (13 damage)
             ... with a bolt of electricity
             ... on level 9 of the Dungeon.
             The game lasted 00:20:11 (8769 turns).

Kairos the Cleaver (Vine Stalker Fighter)           Turns: 8769, Time: 00:20:12

Health: -10/58     AC: 13    Str: 21    XL:     11   Next: 17%
Magic:  0/21       EV:  8    Int: 11    God:    Okawaru [****..]
Gold:   385        SH: 11    Dex: 18    Spells: 8/10 levels left

rFire    . . .     SeeInvis .   s - +8 spear of the Candelabrum {vamp, Int+3 Dex+3}
rCold    . . .     Gourm    .   c - +0 shield
rNeg     . . .     Faith    .   i - +0 chain mail
rPois    .         Spirit   +   (no helmet)
rElec    .         Reflect  .   l - +0 cloak
rCorr    .         Harm     .   (no gloves)
MR       +....                  k - +0 pair of boots
Stlth    ..........             (no amulet)
HPRegen  0.59/turn              g - ring of magical power
MPRegen  0.17/turn              v - +2 ring of slaying

@: no status effects
A: fangs 3, regeneration 1, magic shield, antimagic bite, no potion heal 3, rot
immunity
a: Heroism, Renounce Religion


You were on level 9 of the Dungeon.
You worshipped Okawaru.
Okawaru was greatly pleased with you.
You were not hungry.

You visited 2 branches of the dungeon, and saw 13 of its levels.

You collected 463 gold pieces.
You spent 78 gold pieces at shops.

Inventory:

Hand Weapons
 a - a +0 war axe
 q - a +0 hand axe of venom
 s - the +8 spear of the Candelabrum (weapon) {vamp, Int+3 Dex+3}
   (You found it on level 8 of the Dungeon)

   It inflicts no extra harm, but heals its wielder when it wounds a living foe.
   It affects your intelligence (+3).
   It affects your dexterity (+3).
 w - a +2 flail of holy wrath
 F - a +0 hand axe of flaming
Missiles
 n - 3 tomahawks of returning
 p - 4 exploding tomahawks
 t - a throwing net (quivered)
Armour
 c - a +0 shield (worn)
 i - a +0 chain mail (worn)
 k - a +0 pair of boots (worn)
 l - a +0 cloak (worn)
Jewellery
 g - a ring of magical power (left hand)
 v - a +2 ring of slaying (right hand)
Wands
 r - a wand of disintegration (14)
 y - a wand of polymorph (20)
 G - a wand of flame (16)
Scrolls
 j - a scroll of fog
 m - 8 scrolls of teleportation
 o - 5 scrolls of remove curse
 x - a scroll of magic mapping {unknown}
 A - a scroll of fear
 D - a scroll of blinking
 E - a scroll of enchant weapon {unknown}
Potions
 b - a potion of flight {unknown}
 d - 2 potions of might
 e - 2 potions of curing
 h - 3 potions of cancellation
 u - 2 potions of lignification {unknown}
 z - a potion of invisibility
 B - a potion of mutation
 C - a potion of heal wounds {unknown}
Comestibles
 f - 14 rations
 H - 2 chunks of flesh


   Skills:
 + Level 7.1 Fighting
 + Level 8.4(8.9) Axes
 + Level 1.9(5.6) Maces & Flails
 + Level 3.4(6.3) Polearms
 + Level 7.3 Armour
 + Level 2.7 Dodging
 + Level 1.0 Stealth
 + Level 7.3 Shields
 + Level 0.1 Evocations


You had 8 spell levels left.
You knew the following spells:

 Your Spells              Type           Power        Failure   Level  Hunger
a - Blink                 Tloc           N/A          100%        2    ###....


Dungeon Overview and Level Annotations

Branches:
Dungeon (12/15)            Temple (1/1) D:5            Lair (0/6) D:9
    Orc: D:9-12

Altars:
Ashenzari
Cheibriados
Dithmenos
Elyvilon
Fedhas
Gozag
Hepliaklqana
Kikubaaqudgha
Makhleb
Nemelex Xobeh
Okawaru
Qazlal
Ru
Sif Muna
Trog
Uskayaw
Vehumet
Wu Jian
Xom
Yredelemnul
Zin
The Shining One

Shops:
D:4 (

Annotations:
D:9 3 exclusions


Innate Abilities, Weirdness & Mutations

You have razor-sharp teeth.
Your natural rate of healing is unusually fast.
When hurt, damage is shared between your health and your magic reserves.
Your bite disrupts and absorbs the magic of your enemies.
Potions cannot restore your health.
You are immune to rotting.


Message History

You now have 382 gold pieces (gained 8).
You see here 3 gold pieces.
You now have 385 gold pieces (gained 3).
The electric eel shoots out a bolt of lightning at you!
The bolt of electricity hits you!
The bolt of electricity hits the plant.
The electric eel shoots out a bolt of lightning at you!
The bolt of electricity hits you! x2
The electric eel shoots out a bolt of lightning at you!
The bolt of electricity hits you!
* * * LOW HITPOINT WARNING * * *
The bolt of electricity hits the plant.
The electric eel shoots out a bolt of lightning at you!
The bolt of electricity hits you!
* * * LOW HITPOINT WARNING * * *
The electric eel shoots out a bolt of lightning at you!
The bolt of electricity hits you!
* * * LOW HITPOINT WARNING * * *
The electric eel shoots out a bolt of lightning at you!
The bolt of electricity hits the plant.
The bolt of electricity hits you!
You die...

.$..P≈≈≈≈≈≈P......##.#
.≈.≈$≈≈≈P;≈.......##.#
≈≈≈≈≈≈≈≈≈≈........##.#
P≈≈≈≈;≈≈≈≈........##.#
;≈≈≈≈≈≈≈P;.#.#.#.....#
≈≈≈P ≈P.............#
≈≈≈≈ ....##.#.#..##<#
. #.#....P..##.###
##.P.P...@.)(...#
##..PP..PP.P...#)#
....PPP...P....#)##
#P...P.P.P.PP..)..#
...P.PP####..P)P#..#
....P.P#..)(..P.#..# #
#.PP..#>)#...P....#
.#.PP..####.P.P....#
....PP.P.....P..#..#


You could see 2 electric eels.

Vanquished Creatures
  Maurice (D:8)
  A centaur skeleton (D:10)
  A wyvern (D:9)
  6 yaks (D:9)
  Menkaure (D:4)
  A hungry ghost (D:10)
  2 porcupines (D:9)
  Duvessa (D:6)
  2 phantoms
  8 orc warriors
  3 black bears
  3 ice beasts
  2 ogres
  The ghost of TheNamelessOne the Changer, an amateur MfTm (D:3)
  2 centaurs
  A big kobold (D:9)
  Blork the orc (D:4)
  8 bullfrogs
  Dowan (D:6)
  4 scorpions
  16 killer bees
  7 wights
  A howler monkey (D:5)
  2 crimson imps
  A bullfrog zombie (D:9)
  8 hounds
  6 orc priests
  A jelly (D:8)
  Crazy Yiuf (D:2)
  8 orc wizards
  2 gnoll shamans
  Natasha (thrice) (D:3)
  An iguana (D:8)
  Ijyb (D:4)
  7 worker ants
  A killer bee zombie (D:5)
  A hound skeleton (D:8)
  21 gnolls
  10 adders
  A river rat (D:4)
  3 shadow imps
  An ooze (D:1)
  An adder zombie (D:6)
  A dart slug (D:1)
  6 leopard geckos
  48 orcs
  2 ball pythons
  7 bats
  4 giant cockroaches
  10 goblins
  13 hobgoblins
  14 jackals
  5 quokkas
  6 frilled lizards
  17 kobolds
  11 rats
298 creatures vanquished.

Vanquished Creatures (others)
  3 fungi (D:9)
  A plant (D:2)
4 creatures vanquished.

Grand Total: 302 creatures vanquished

Notes
Turn   | Place    | Note
-------+----------+-------------------------------------------
     0 | D:1      | Kairos the Vine Stalker Fighter began the quest for the Orb.
     0 | D:1      | Reached XP level 1. HP: 11/11 MP: 2/2
   164 | D:1      | Reached skill level 2 in Axes
   164 | D:1      | Reached XP level 2. HP: 3/16 MP: 3/3
   929 | D:1      | Reached XP level 3. HP: 11/20 MP: 4/4
  1354 | D:2      | Gained mutation: Your natural rate of healing is unusually fast. [Vine Stalker growth]
  1354 | D:2      | Reached XP level 4. HP: 24/24 MP: 5/5
  1893 | D:2      | Reached XP level 5. HP: 28/28 MP: 6/6
  1899 | D:2      | Reached skill level 3 in Axes
  2211 | D:2      | Found a runed door.
  2393 | D:2      | Noticed Crazy Yiuf
  2408 | D:2      | Killed Crazy Yiuf
  2463 | D:3      | Noticed a phantom
  2516 | D:3      | Killed a phantom
  2516 | D:3      | Reached XP level 6. HP: 12/32 MP: 7/7
  2639 | D:3      | Noticed TheNamelessOne's ghost (amateur MfTm)
  2747 | D:3      | Reached skill level 1 in Dodging
  2777 | D:3      | Killed TheNamelessOne's ghost
  2777 | D:3      | Reached skill level 4 in Axes
  2830 | D:3      | Noticed Natasha
  2845 | D:3      | Killed Natasha
  2873 | D:3      | Noticed Natasha
  2887 | D:3      | Killed Natasha
  2887 | D:3      | Reached XP level 7. HP: 27/36 MP: 8/8
  3015 | D:3      | Noticed Natasha
  3036 | D:3      | Killed Natasha
  3427 | D:4      | Found Tufistri's Weapon Emporium.
  3449 | D:4      | Noticed Ijyb
  3476 | D:4      | Bought a +0 hand axe of venom for 78 gold pieces
  3499 | D:4      | Killed Ijyb
  3568 | D:4      | Noticed Menkaure
  3583 | D:4      | Killed Menkaure
  3583 | D:4      | Reached skill level 5 in Axes
  3693 | D:4      | Gained mutation: You have razor-sharp teeth. [Vine Stalker growth]
  3693 | D:4      | Reached XP level 8. HP: 42/42 MP: 9/9
  3717 | D:4      | You fall through a shaft!
  3717 | D:5      | Entered Level 5 of the Dungeon
  3717 | D:5      | Found a staircase to the Ecumenical Temple.
  3868 | Temple   | Entered the Ecumenical Temple
  3877 | Temple   | Became a worshipper of Warmaster Okawaru
  3891 | D:5      | Found a blossoming altar of Fedhas.
  3891 | D:5      | Found a shadowy altar of Dithmenos.
  4352 | D:4      | Noticed Blork the orc
  4361 | D:4      | Killed Blork the orc
  4361 | D:4      | Reached skill level 6 in Axes
  4611 | D:5      | Learned a level 2 spell: Blink
  4854 | D:6      | Reached skill level 5 in Shields
  4860 | D:6      | Noticed Duvessa
  4860 | D:6      | Noticed Dowan
  4875 | D:6      | Reached * piety under Okawaru
  4887 | D:6      | Killed Duvessa
  4887 | D:6      | Reached XP level 9. HP: 41/46 MP: 10/10
  4893 | D:6      | Killed Dowan
  4893 | D:6      | Reached skill level 1 in Maces & Flails
  4921 | D:6      | Reached skill level 5 in Fighting
  5281 | D:6      | Reached skill level 5 in Armour
  5644 | D:6      | Reached skill level 1 in Stealth
  5856 | D:7      | Reached ** piety under Okawaru
  5886 | D:7      | Noticed an angel
  5887 | D:7      | Found a shimmering altar of Xom.
  5888 | D:7      | Found a glowing silver altar of Zin.
  5943 | D:7      | Reached skill level 7 in Axes
  6439 | D:8      | Reached XP level 10. HP: 51/53 MP: 11/11
  6773 | D:8      | Reached *** piety under Okawaru
  7038 | D:8      | Got a warped spear
  7158 | D:8      | Noticed Maurice
  7179 | D:8      | Killed Maurice
  7478 | D:8      | Identified the +8 spear of the Candelabrum {vamp, Int+3 Dex+3} (You found it on level 8 of the Dungeon)
  7518 | D:9      | Reached skill level 8 in Axes
  7644 | D:9      | Received a gift from Okawaru
  8130 | D:9      | Reached skill level 1 in Polearms
  8132 | D:9      | You fall through a shaft for 3 floors!
  8188 | D:11     | Reached **** piety under Okawaru
  8246 | D:10     | Entered Level 10 of the Dungeon
  8277 | D:10     | Reached XP level 11. HP: 57/58 MP: 12/12
  8720 | D:9      | Found a staircase to the Lair.
  8768 | D:9      | HP: 2/58 [electric eel/bolt of electricity (7)]
  8769 | D:9      | Killed from afar by an electric eel

Vault maps used:
D:1:      minmay_arrival_checkered_box, minmay_tetromino_t2
D:2:      lexackson_kobold_supper, uniq_crazy_yiuf_cottage
D:3:      skrybe_limestone_x, uniq_natasha
D:4:      serial_shops, kennysheep_mini, portal_sewer_entry_e,
          uniq_blork_the_orc, uniq_ijyb, uniq_menkaure
D:5:      chequers_temple_overflow_statue_of_worship,
          minmay_temple_entry_overgrown, first_ration, serial_bayou_pond_e
D:6:      uniq_duvessa
D:7:      grunt_temple_overflow_order_and_chaos_1
D:8:      uniq_maurice
D:9:      grunt_lair_entry_orc_guard_hut, grunt_livestock, hex_tiny,
          chequers_big_river, vehumet_altar_wand_db
D:10:     wad_lake_hut, david_orc_4, uniq_erolcha, uniq_fannar
D:12:     nrook_mini_backslash
Temple:   nicolae_temple_no_exploring_needed

Skill      XL: |  1  2  3  4  5  6  7  8  9 10 11 |
---------------+----------------------------------+-----
Axes           | 2 3 4 5 6 7 8 |  8.4
Fighting       | 3 4 5 6 7 |  7.1
Shields        | 3 4 5 6 7 |  7.3
Armour         | 3 4 5 7 |  7.3
Dodging        | 1 2 |  2.7
Maces & Flails | 1 |  1.9
Stealth        | 1 |  1.0
Polearms       | 2 3 |  3.4
Evocations     | |  0.1

Action                   |  1- 3 |  4- 6 |  7- 9 | 10-12 || total
-------------------------+-------+-------+-------+-------++-------
Melee: War axe           |    80 |   201 |    64 |       ||   345
       Bite              |    21 |    55 |   146 |    89 ||   311
       Hand axe          |       |       |   295 |    88 ||   383
       Flail             |       |       |    30 |       ||    30
       Spear             |       |       |       |   201 ||   201
Invok: Heroism           |       |       |       |     2 ||     2
Evoke: Wand              |       |       |     2 |       ||     2
  Use: Scroll            |       |     2 |     3 |     6 ||    11
       Potion            |       |       |       |     1 ||     1
  Eat: Chunk             |     2 |     1 |    12 |     7 ||    22
       Ration            |       |     1 |       |     2 ||     3
Armor: Scale mail        |    32 |    79 |       |       ||   111
       Chain mail        |       |    27 |   186 |    95 ||   308
Dodge: Dodged            |    30 |    61 |    73 |    52 ||   216
Block: Shield            |    38 |   125 |   209 |   113 ||   485

Table legend:
 A = Spawn XP
 B = Non-spawn XP
 C = Spawn XP percentage of total XP
 D = Spawn monster count
 E = Non-spawn monster count
 F = Spawn count percentage of total count
 G = Total turns spent on level
                    A         B        C        D         E        F      G
               +---------+---------+-------+---------+---------+-------+---------
         Total |       0 |   10872 |   0.0 |       0 |     298 |   0.0 |  8769
               +---------+---------+-------+---------+---------+-------+---------
           D:1 |       0 |      65 |   0.0 |       0 |      27 |   0.0 |  1319
           D:2 |       0 |     181 |   0.0 |       0 |      32 |   0.0 |  1171
           D:3 |       0 |     427 |   0.0 |       0 |      37 |   0.0 |   877
           D:4 |       0 |     779 |   0.0 |       0 |      30 |   0.0 |   837
           D:5 |       0 |     479 |   0.0 |       0 |      19 |   0.0 |   582
           D:6 |       0 |    1694 |   0.0 |       0 |      36 |   0.0 |   974
           D:7 |       0 |    1006 |   0.0 |       0 |      26 |   0.0 |   651
           D:8 |       0 |    1760 |   0.0 |       0 |      26 |   0.0 |  1053
           D:9 |       0 |    2609 |   0.0 |       0 |      38 |   0.0 |   936
          D:10 |       0 |    1242 |   0.0 |       0 |      16 |   0.0 |   236
          D:11 |       0 |     630 |   0.0 |       0 |      11 |   0.0 |    84
               +---------+---------+-------+---------+---------+-------+---------
